 Dungeon Crawl Stone Soup version 0.28.0-43-g3370ac3207 (webtiles) character file.

Game seed: 1374017100550080782

1899 funkygono the Firebug (level 8, -6/52 HPs)
             Began as a Demonspawn Fire Elementalist on Mar 15, 2022.
             Was a Follower of Vehumet.
             Mangled by Harold
             ... wielding a +6 vorpal broad axe
              (22 damage)
             ... on level 7 of the Dungeon.
             The game lasted 00:11:25 (9101 turns).

funkygono the Firebug (DsFE)                        Turns: 9101, Time: 00:11:27

Health: -6/52      AC:  9    Str:  9    XL:     8   Next: 93%
Magic:  5/18       EV: 12    Int: 18    God:    Vehumet [*.....]
Gold:   289        SH:  0    Dex: 14    Spells: 10/21 levels left

rFire   . . .      SeeInvis .   g - +3 short sword (vamp)
rCold   . . .      Faith    .   (no shield)
rNeg    . . .      Spirit   .   a - +0 robe
rPois   .          Reflect  .   (no helmet)
rElec   .          Harm     .   (no cloak)
rCorr   .          Rampage  .   b - +1 pair of gloves
Will    .....                   i - +1 pair of boots
Stlth   ++........              (no amulet)
HPRegen 0.17/turn               (no ring)
MPRegen 0.16/turn               (no ring)

@: no status effects
A: thin metallic scales 2, demonic magic 1
a: Renounce Religion


You were on level 7 of the Dungeon.
You worshipped Vehumet.
Vehumet was aware of your devotion.
You visited 2 branches of the dungeon, and saw 8 of its levels.

You collected 289 gold pieces.

Inventory:

Hand Weapons
 g - a +3 vampiric short sword (weapon)
 q - a +0 falchion
Missiles
 c - 194 stones
 n - a throwing net
Armour
 a - a +0 robe (worn)
 b - a +1 pair of gloves (worn)
 i - a +1 pair of boots (worn)
Magical Staves
 p - a staff of earth
Jewellery
 l - a ring of flight
Scrolls
 e - 2 scrolls of teleportation
 h - a scroll of amnesia
 k - 2 scrolls of identify
 o - a scroll of enchant weapon
 t - 2 scrolls of enchant armour
 u - a scroll of immolation {unknown}
Potions
 d - 4 potions of curing
 f - a potion of resistance
 j - a potion of mutation
 m - 3 potions of attraction
 r - a potion of flight
 s - a potion of magic {unknown}


   Skills:
 + Level 2.3 Dodging
 - Level 1.7 Stealth
 * Level 7.1 Spellcasting
 * Level 4.9 Conjurations
 * Level 7.1 Fire Magic


You had 10 spell levels left.
You knew the following spells:

 Your Spells              Type           Power      Damage    Failure   Level
a - Foxfire               Conj/Fire      100%       2x1d9     1%          1
b - Scorch                Fire           64%        2d8       1%          2
c - Conjure Flame         Conj/Fire      28%        6-21      2%          3
d - Flame Wave            Conj/Fire      28%        2d8       9%          4
e - Sandblast             Erth           12%        2d6       11%         1

Your spell library contained the following spells:

 Spells                   Type           Power      Damage    Failure   Level
 Inner Flame              Hex/Fire       19%        N/A       8%          3
 Sting                    Tmut/Pois      24%        1d4       11%         1
 Corpse Rot               Necr/Air       12%        N/A       16%         2
 Poisonous Vapours        Pois/Air       12%        N/A       16%         2
 Wereblood                Tmut           6%         N/A       16%         2
 Alistair's Intoxication  Tmut/Pois      4%         N/A       96%         5
 Necromutation            Tmut/Necr      3%         N/A       100%        8


Dungeon Overview and Level Annotations

Branches:
Dungeon (7/15)             Temple (1/1) D:5

Altars:
Ashenzari
Cheibriados
Dithmenos
Elyvilon
Fedhas
Gozag
Hepliaklqana
Kikubaaqudgha
Makhleb
Nemelex Xobeh
Okawaru
Qazlal
Ru
Sif Muna
Trog
Uskayaw
Vehumet
Wu Jian
Xom
Yredelemnul
Zin
The Shining One

Annotations:
D:3 2 transporters, bmj180's ghost, amateur DsNe
D:5 1 runed translucent door, Lizzurd's ghost, weakling NaDe
D:6 2 runed translucent doors, NoScrollMutBadDesign's ghost, amateur DDFi
D:7 Harold


Innate Abilities, Weirdness & Mutations

You are mostly covered in thin metallic scales. (AC +3)
Spells you cast may paralyse adjacent enemies.


Message History

Level annotation: Harold Harold hits you with a +6 vorpal broad axe!
Harold completely misses you.
There is a stone staircase leading up, spattered with blood here.
You see here a throwing net.
Casting: Scorch (safe; 1% risk of failure)
Confirm with . or Enter, or press ? or * to list all spells.
Flames lash Harold but do no damage.
Malevolent energies surge around you. Harold misses you.
Casting: Scorch (safe; 1% risk of failure)
Confirm with . or Enter, or press ? or * to list all spells.
Flames lash Harold.
Harold is burned terribly!
Harold is lightly wounded.
Malevolent energies surge around you. Harold misses you.
Casting: Scorch (safe; 1% risk of failure)
Confirm with . or Enter, or press ? or * to list all spells.
Flames lash Harold.
Harold is burned terribly!
Harold is moderately wounded.
Malevolent energies surge around you.
Harold hits you with a +6 vorpal broad axe!
Casting: Scorch (safe; 1% risk of failure)
Confirm with . or Enter, or press ? or * to list all spells.
Flames lash Harold but do no damage.
Malevolent energies surge around you.
Harold says happily, "The price on your head will fill my nest egg nicely!"
Harold hits you with a +6 vorpal broad axe!
Casting: Scorch (safe; 1% risk of failure)
Confirm with . or Enter, or press ? or * to list all spells.
Flames lash Harold.
Harold is burned terribly!
Harold is moderately wounded.
Malevolent energies surge around you.
Harold suddenly stops moving!
Casting: Scorch (safe; 1% risk of failure)
Confirm with . or Enter, or press ? or * to list all spells.
Flames lash Harold but do no damage.
Malevolent energies surge around you.
Casting: Scorch (safe; 1% risk of failure)
Confirm with . or Enter, or press ? or * to list all spells.
Flames lash Harold.
Harold is burned terribly!
Harold is moderately wounded.
Malevolent energies surge around you.
Harold is no longer paralysed.
Harold hits you with a +6 vorpal broad axe!!
You die...

............ ..###
....#.########## ##..#..#
....#.# #....# ....#..#
....#.# #.##.####...#..##
......#####.##.##........<#
....####....##.##.#[#.#####
....# #.#####.#...........
....####.#####.#.@##.......
............##.#@.# .......
............##.##.# .......
............##....# ..#####
####.......######## #.#
#......... .# #........##
.. #........# #.........


You could see Harold (combustible).

Vanquished Creatures
  Pikel (D:7)
  3 water moccasins
  A sky beast (D:6)
  2 necrophages (D:6)
  An ogre (D:6)
  A centaur (D:6)
  A lemure (D:6)
  A kobold brigand (D:6)
  A bullfrog zombie (D:5)
  3 hounds
  2 jellies (D:6)
  An orc priest (D:4)
  A centaur skeleton (D:6)
  2 iguanas
  5 orc wizards
  A killer bee zombie (D:5)
  2 hound skeletons (D:5)
  6 gnolls (D:5)
  5 adders
  2 worms
  2 dart slugs (D:1)
  19 orcs
  A ball python (D:2)
  10 endoplasms
  3 giant cockroaches
  6 hobgoblins
  4 jackals (D:1)
  2 quokkas (D:1)
  3 bats
  3 frilled lizards
  4 goblins
  13 kobolds
  4 rats
116 creatures vanquished.

Vanquished Creatures (others)
  417 foxfires
417 creatures vanquished.

Grand Total: 533 creatures vanquished

Notes
Turn   | Place    | Note
-------+----------+-------------------------------------------
     0 | D:1      | funkygono the Demonspawn Fire Elementalist began the quest
                  | for the Orb.
     0 | D:1      | Reached XP level 1. HP: 13/13 MP: 3/3
   241 | D:1      | Found a faded altar of an unknown god.
   300 | D:1      | Gained mutation: Spells you cast may paralyse adjacent
                  | enemies. [demonic ancestry]
   300 | D:1      | Reached XP level 2. HP: 19/19 MP: 1/5
   306 | D:1      | Learned a level 2 spell: Scorch
  1002 | D:1      | Reached XP level 3. HP: 24/24 MP: 2/6
  1008 | D:1      | Learned a level 3 spell: Conjure Flame
  1438 | D:2      | Found a shimmering blue altar of Sif Muna.
  1864 | D:3      | Reached XP level 4. HP: 30/30 MP: 3/8
  1908 | D:3      | Found a transporter.
  1908 | D:3      | Noticed bmj180's ghost (amateur DsNe)
  1934 | D:3      | Noticed a phantom
  2017 | D:3      | Found a transporter.
  3220 | D:4      | Got Tuoxusaa's Tome of Transmutation and Poison
  4249 | D:5      | Entered Level 5 of the Dungeon
  4270 | D:5      | Gained mutation: You are partially covered in thin metallic
                  | scales. (AC +2) [demonic ancestry]
  4270 | D:5      | Reached XP level 5. HP: 33/35 MP: 5/9
  4400 | D:5      | HP: 1/35 [something (1)]
  5148 | D:5      | Learned a level 4 spell: Flame Wave
  5206 | D:5      | Reached XP level 6. HP: 41/41 MP: 1/12
  5396 | D:5      | Found a staircase to the Ecumenical Temple.
  5416 | Temple   | Entered the Ecumenical Temple
  5650 | Temple   | Became a worshipper of Vehumet
  6350 | D:5      | Found a runed translucent door.
  6350 | D:5      | Noticed Lizzurd's ghost (weakling NaDe)
  7040 | D:6      | Noticed a sky beast
  7046 | D:6      | Killed a sky beast
  7047 | D:6      | Reached skill level 5 in Fire Magic
  7047 | D:6      | Reached XP level 7. HP: 46/46 MP: 3/14
  7198 | D:6      | Reached skill level 5 in Spellcasting
  7340 | D:6      | Found a runed translucent door.
  7341 | D:6      | Noticed NoScrollMutBadDesign's ghost (amateur DDFi)
  7801 | D:6      | Reached * piety under Vehumet
  7801 | D:6      | Offered knowledge of Sandblast by Vehumet.
  7802 | D:6      | Gained mutation: You are mostly covered in thin metallic
                  | scales. (AC +3) [demonic ancestry]
  7802 | D:6      | Reached XP level 8. HP: 52/52 MP: 12/16
  8233 | D:6      | Found a runed translucent door.
  8412 | D:6      | Learned a level 1 spell: Sandblast
  8434 | D:7      | Noticed Pikel
  8578 | D:7      | Killed Pikel
  8581 | D:7      | Noticed Harold
  9101 | D:7      | Mangled by Harold

Illustrated notes

Levels and vault maps discovered:
D:1:      mushboom_english_gardens, layout_loops_ring,
          ebering_ecumenical_altar_abandoned
D:2:      layout_rooms, basic_altar
D:3:      layout_basic, gammafunk_ghost_mausoleum
D:4:      layout_basic, overflow_temple_1_default
D:5:      layout_basic, minmay_temple_entry_ruins,
          hellmonk_ghost_happy_afterlife
D:6:      layout_loops_cross, ebering_ghost_sewer_f, minmay_splitting_lines
D:7:      layout_basic, nicolae_shop_clearance, uniq_harold,
          uniq_prince_ribbit1, uniq_pikel
Temple:   mainiacjoe_temple_starburst

Skill      XL: |  1  2  3  4  5  6  7  8 |
---------------+-------------------------+-----
Fire Magic     | 3 4 5 7 |  7.1
Conjurations   | 2 3 4 |  4.9
Spellcasting   | 3 4 5 7 |  7.1
Dodging        | 2 |  2.3
Stealth        | |  1.7

Action                   |  1- 3 |  4- 6 |  7- 9 || total
-------------------------+-------+-------+-------++-------
Melee: Short sword       |     1 |    14 |     1 ||    16
 Cast: Foxfire           |    66 |   103 |    82 ||   251
       Scorch            |     3 |    37 |    32 ||    72
       Conjure Flame     |       |     1 |       ||     1
       Flame Wave        |       |       |     1 ||     1
  Use: Scroll            |     3 |    11 |     1 ||    15
       Potion            |       |     1 |       ||     1
 Stab: Paralysed         |     1 |     6 |       ||     7
Armor: Robe              |     3 |    30 |     5 ||    38
Dodge: Dodged            |    10 |    38 |    10 ||    58
